 Dungeon Crawl Stone Soup version 0.31-a0-358-gac0dbeb3ab (webtiles) character file.

Game seed: 9075706984100480017

21 cforsyth the Charlatan (level 2, 0/23 HPs)
             Began as a Gnoll Artificer on July 25, 2023.
             Slain by a gnoll
             ... wielding a +2 spear of freezing
              (5 damage)
             ... on level 2 of the Dungeon.
             The game lasted 00:00:55 (852 turns).

cforsyth the Charlatan (Gnoll Artificer)             Turns: 852, Time: 00:00:55

Health: 0/23       AC:  4    Str: 11    XL:     2   Next: 83%
Magic:  2/2        EV: 12    Int: 10    God:
Gold:   48         SH:  0    Dex: 12    Spells: 2/2 levels left

rFire   . . .        a - +0 club
rCold   . . .        (no shield)
rNeg    . . .        b - +0 leather armour
rPois   .            n - +0 helmet
rElec   .            (no cloak)
rCorr   .            (no gloves)
SInv    .            (no boots)
Will    .....        (no amulet)
Stlth   ++           (no ring)
HPRegen 0.23/turn    (no ring)
MPRegen 0.08/turn

%: no passive effects
@: no status effects
A: fangs 1, strong nose, distributed training
a: no special abilities


You were on level 2 of the Dungeon.
You visited 1 branch of the dungeon, and saw 2 of its levels.

You collected 48 gold pieces.

Inventory:

Hand Weapons
 a - a +0 club (weapon)
Armour
 b - a +0 leather armour (worn)
 n - a +0 helmet (worn)
Jewellery
 g - a ring of protection from fire
Wands
 c - a wand of flame (15) (quivered)
 d - a wand of charming (15)
 e - a wand of iceblast (5)
Scrolls
 f - a scroll of identify {unknown}
 h - a scroll of enchant weapon {unknown}
 k - a scroll of blinking {unknown}
Potions
 i - a potion of degeneration {unknown}
 j - a potion of attraction {unknown}
 l - a potion of haste {unknown}
 m - a potion of heal wounds {unknown}
 o - a potion of magic {unknown}


   Skills:
 + Level 2.5 Fighting
 + Level 0.5 Short Blades
 + Level 0.5 Long Blades
 + Level 0.5 Axes
 + Level 0.5 Maces & Flails
 + Level 0.5 Polearms
 + Level 0.5 Staves
 + Level 0.5 Ranged Weapons
 + Level 0.5 Throwing
 + Level 4.5 Armour
 + Level 2.5 Dodging
 + Level 2.3 Stealth
 + Level 0.5 Shields
 + Level 0.5 Unarmed Combat
 + Level 0.5 Spellcasting
 + Level 0.4 Conjurations
 + Level 0.4 Hexes
 + Level 0.4 Summonings
 + Level 0.4 Necromancy
 + Level 0.4 Translocations
 + Level 0.4 Transmutations
 + Level 0.4 Fire Magic
 + Level 0.4 Ice Magic
 + Level 0.4 Air Magic
 + Level 0.4 Earth Magic
 + Level 0.4 Poison Magic
 + Level 0.7 Invocations
 + Level 6.5 Evocations
 + Level 0.4 Shapeshifting


You had 2 spell levels left.
You didn't know any spells.
Your spell library contained the following spells:

 Spells                   Type           Power      Damage    Failure   Level
 Shock                    Conj/Air       4%         1d3       36%         1
 Swiftness                Air            1%         N/A       75%         3
 Airstrike                Air            0%         2d(1-17)  98%         4


Dungeon Overview and Level Annotations

Branches:
Dungeon (2/15)

Altars:


Innate Abilities, Weirdness & Mutations

You have very sharp teeth.
Your uncanny sense of smell can sniff out nearby items.
Your experience applies equally to all skills.


Message History

No target in view!
No target in view!
o - a metallic dark potion You now have 48 gold pieces (gained 8).
A gnoll comes into view. It is wielding a +2 spear of freezing.
The gnoll shouts!
You see here an amulet of guardian spirit.
A gnoll is nearby!
A gnoll is nearby!
A gnoll comes into view.
It is wielding a +2 whip of electrocution.
The gnoll shouts!
The ball python hisses angrily.
A gnoll comes into view. It is wielding a +0 flail.
The gnoll hits you with a +2 spear of freezing.
The gnoll freezes you.
You hit the gnoll.
The gnoll is moderately wounded.
The gnoll hits you with a +2 spear of freezing.
The gnoll freezes you.
You hit the gnoll.
The gnoll is moderately wounded.
The gnoll barely misses you.
You closely miss the gnoll. Your bite misses the gnoll.
The gnoll is moderately wounded.
The gnoll hits you with a +2 spear of freezing.
The gnoll freezes you. The ball python bites you. The ball python misses you.
The gnoll hits you with a +2 spear of freezing.
The gnoll freezes you.
* * * LOW HITPOINT WARNING * * *
A quokka comes into view.
You are too injured to fight recklessly!
You are too injured to fight recklessly!
You are too injured to fight recklessly!
You are too injured to fight recklessly!
You are too injured to fight recklessly!
You are too injured to fight recklessly!
The ball python bites you.
* * * LOW HITPOINT WARNING * * *
The ball python barely misses you.
The gnoll hits you from afar with a +2 spear of freezing.
You die...

.....
##..#.....#.#
##### .# #._.
##.#.#.#.#.# .#
... #...#.#...#
.. .. ∆
....##....## #
## $
..##...#.#..##.#
. ##.....#....#
#.###.".?#### #.
#.........
#.###@.####... .
#..S.# .
#g##...... ..g
###.### #... .#
....~ # .##.~~ .
##~. ..r


You could see 2 gnolls and a ball python.

Vanquished Creatures
  A dart slug (D:1)
  A bat (D:1)
  An endoplasm (D:1)
  3 giant cockroaches
  2 hobgoblins (D:1)
  6 ball pythons
  A frilled lizard (D:1)
  A kobold (D:1)
  2 rats
18 creatures vanquished.

Notes
Turn   | Place    | Note
-------+----------+-------------------------------------------
     0 | D:1      | cforsyth the Gnoll Artificer began the quest for the Orb.
     0 | D:1      | Reached XP level 1. HP: 17/17 MP: 1/1
   314 | D:1      | Reached XP level 2. HP: 23/23 MP: 2/2
   807 | D:2      | Found a faded altar of an unknown god.
   852 | D:2      | Slain by a gnoll

Illustrated notes

Levels and vault maps discovered:
D:1:      wander_arrival_chamber, layout_rooms
D:2:      layout_rooms, nicolae_ecumenical_snake_handling, serial_bayou,
          serial_bayou_ford_a, serial_bayou_pond_c, serial_bayou_shore_b,
          serial_bayou_pond_b

Action                     || total
---------------------------++-------
  Melee: Club              ||    93
         Bite              ||     4
         Punch             ||     1
   Stab: Sleeping          ||     1
 Armour: Leather armour    ||    38
  Dodge: Dodged            ||    74

Table legend: (Time is in decaauts)
 A = Elapsed time spent in this place.
 B = Non-inter-level travel time spent in this place.
 C = Inter-level travel time spent in this place.
 D = Time resting spent in this place.
 E = Time spent auto-exploring this place.
 F = Levels seen in this place.
 G = Mean time per level.
                   A        B        C        D        E       F      G
               +--------+--------+--------+--------+--------+-----+--------+
         Total |    878 |    852 |     26 |      0 |    615 |   2 |  439.0 |
       Dungeon |    878 |    852 |     26 |      0 |    615 |   2 |  439.0 |
               +--------+--------+--------+--------+--------+-----+--------+

Top non-repeatable levels by time:
     D:1: 716 daAuts
     D:2: 161 daAuts
